[Event "93rd German Championship 2022"]
[Site "Magdeburg"]
[Date "2022.08.16"]
[Round "3.3"]
[White "Wachinger, Nikolas"]
[Black "Langheinrich, Ferenc"]
[Result "0-1"]
[ECO "B30"]
[WhiteElo "2437"]
[BlackElo "2357"]
[Annotator "TA"]
[PlyCount "78"]
[EventDate "2022.08.14"]
[EventType "swiss"]
[EventCountry "GER"]
[SourceTitle "playchess.com"]
[Source "ChessBase"]
[SourceQuality "1"]
[TimeControl "40/5400+30:1800+30"]

1. e4 c5 2. Nf3 Nc6 3. Bb5 e6 4. O-O Nge7 5. Re1 h6 (5... a6 $11 6. Bxc6 Nxc6) 6. c3 $14 {[%emt 0:06:06] B30: Sicilian: 2...Nc6 3 Bb5, lines without ...g6.} a6 7. Bf1 d5 {[%emt 0:00:20] [#]} 8. d3 $146 {[%emt 0:00:46] The position is equal.} ({Predecessor:} 8. exd5 Nxd5 9. d3 Be7 10. g3 O-O 11. Bg2 b6 12. Nbd2 Bb7 13. Nc4 Bf6 14. Qc2 {1-0 (83) Dragnev,V (2535)-Blanco Acevedo,C (2304) Warsaw 2021}) 8... g5 9. exd5 Nxd5 10. Nbd2 Bg7 {[%emt 0:06:56] And now ...g4 would win.} 11. Nc4 ({White should try} 11. Ne4 $16) 11... Nde7 (11... b5 $11 {remains equal.}) 12. a4 $16 Ng6 $2 (12... Na5 $14) 13. a5 $18 O-O 14. Be3 e5 15. Bxc5 Re8 16. Nfd2 Bf8 17. Ne4 Bxc5 18. Nxc5 Kg7 19. g3 h5 20. Bg2 ({Much less strong is} 20. Qxh5 $6 g4 $18) 20... h4 21. Nb6 Rb8 22. Nxa6 bxa6 23. Bxc6 hxg3 24. hxg3 Rh8 25. Qf3 (25. d4 $18) 25... Be6 26. b4 ({White should play} 26. Qe3 $18) 26... g4 (26... Qd6 $16 {was worth a try.} 27. Bb7 Ne7) 27. Qe3 Rh5 28. Kf1 $2 ({Better is} 28. Bg2 $18) 28... f5 $11 29. Ke2 $2 (29. Nc4 $11 f4 30. gxf4 exf4 31. Qa7+ (31. Qxe6 f3) 31... Bf7 32. Ke2) 29... f4 $19 30. gxf4 {[%emt 0:00:01] Hoping for Kd2.} Rh3 {[%emt 0:00:54] The board is on fire.} 31. Qe4 {[%emt 0:00:39] Strongly threatening f5.} Nxf4+ 32. Kf1 {[%emt 0:00:09] [#]} Rh5 (32... Rh1+ $1 $19 33. Qxh1 Qxd3+ 34. Kg1 Nh3+ 35. Qxh3 (35. Kg2 $2 Rf8 $19) 35... Qxh3 36. Rxe5 Qxc3) 33. Re3 $1 $11 Qh4 34. Ke1 $2 (34. Rg3 $11) 34... Rf8 $19 {[%emt 0:00:36] ...Qh2 is the strong threat.} 35. Rg3 Qh2 {[%emt 0:01:33][%cal Of4d3] aiming for ...Nxd3+!} 36. Qe3 {[%emt 0:00:58] [#] Black must now prevent Rd1.} Nxd3+ $1 {[%emt 0:00:06][%mdl 576] Deflection} 37. Qxd3 (37. Kd2 e4) 37... Qxf2+ {[%emt 0:00:35] Black mates.} 38. Kd1 Rh2 39. Bg2 Qg1+ {[%emt 0:01:15] Quite a comeback for Black.  Weighted Error Value: White=0.82/Black=0.29 (precise)} 0-1

[Event "93rd German Championship 2022"]
[Site "Magdeburg"]
[Date "2022.08.16"]
[Round "3.4"]
[White "Miller, Eduard"]
[Black "Carlstedt, Jonathan"]
[Result "0-1"]
[ECO "D33"]
[WhiteElo "2350"]
[BlackElo "2446"]
[Annotator "TA"]
[PlyCount "108"]
[EventDate "2022.08.14"]
[EventType "swiss"]
[EventCountry "GER"]
[SourceTitle "playchess.com"]
[Source "ChessBase"]
[SourceQuality "1"]
[TimeControl "40/5400+30:1800+30"]

1. d4 d5 2. c4 e6 3. Nc3 c5 4. cxd5 exd5 5. Nf3 Nf6 6. g3 Nc6 7. Bg2 cxd4 {[%emt 0:00:07] The modern move.} 8. Nxd4 Bc5 9. Nb3 Bb6 {[%emt 0:00:16] D33: Tarrasch Defence: 6 g3 sidelines.} 10. O-O ({Reject} 10. Bxd5 Nb4 11. Bf3 Qxd1+ 12. Kxd1 Ng4 13. Bxg4 Bxg4 $11) 10... d4 11. Na4 O-O {[%emt 0:00:19] White is slightly better.} 12. Nxb6 axb6 13. Bg5 Re8 14. Re1 h6 15. Bxc6 bxc6 16. Bxf6 Qxf6 17. Qxd4 Qd8 18. Qc3 c5 19. Rad1 Qc7 20. a3 Ba6 {[%emt 0:02:07] [#]} 21. Rd2 $146 ({Predecessor:} 21. Nc1 Rad8 22. Qc2 Qe5 23. Rd2 h5 24. Red1 Rxd2 25. Rxd2 h4 26. Qa4 h3 27. Kf1 {1-0 (38) Van Wely,L (2613)-Hracek,Z (2570) Germany 2022}) 21... Re7 22. Nc1 Rae8 23. Nd3 g5 {[%emt 0:04:52] Inhibits Nf4.} 24. Qf6 Re6 {[%emt 0:00:40][%mdl 1024] Black has compensation.} 25. Qf5 (25. Qc3 $11 {was the only way to keep the balance.}) 25... Bc8 ({Better is} 25... Qd6 $17 {White must now prevent ...Rf6.} 26. b3 Re4) 26. e4 ({White should try} 26. Qd5 $1 $15) 26... Qc6 (26... Qd8 $19 {[%cal Oe6e4] Hoping for ...Rxe4!} 27. b3 Bb7) 27. e5 (27. Qf3 $17) 27... Bb7 $2 (27... R6e7 $19 28. Qe4 Qxe4 29. Rxe4 Rd8) 28. f3 $17 Qxf3 29. Qxf3 Bxf3 30. Kf2 Bb7 {[%emt 0:00:22] Black is more active.} 31. Rde2 (31. b3 $15) 31... Ba6 $36 {[%emt 0:05:43][%mdl 2048] Black is really pushing.} 32. Rd2 Kg7 33. g4 (33. Rdd1 $17 {is a better defense.}) 33... Rd8 $19 34. Red1 Rd4 35. Kg3 Re4 36. Rf2 Bb7 37. Re1 {[%emt 0:00:23] Prevents Re3+.} Re7 (37... Rxe1 $1 $19 {and Black stays clearly on top.} 38. Nxe1 Rxe5) 38. Rf6 {[%emt 0:01:12] [#]} (38. Rfe2 $17 Rd4 39. Re3) 38... Rd7 $1 39. Rd6 {[%emt 0:00:40] [#]} Rxd6 ({Weaker is} 39... Rd4 40. Rxd7 Rxd7 41. Re3 $17) 40. exd6 {[%emt 0:00:05][%mdl 4096] Endgame KRB-KRN} Rd4 41. Re3 Rxd6 42. h4 Ba6 43. Nf2 (43. Ne1 $142) 43... gxh4+ 44. Kxh4 Rd2 $1 45. Ne4 Rxb2 46. Nd6 Bf1 47. Re1 Bd3 48. Re7 (48. g5 {keeps fighting.}) 48... Kf6 49. Rc7 Ke5 50. Nc8 (50. Ne8 $142 Bc4 51. Rc6) 50... f5 {[%emt 0:06:53] ( -> ...f4)} 51. gxf5 Kf4 {[%emt 0:00:23][%cal Rb2h2] Black mates.} 52. Kh5 Bxf5 53. Kxh6 Rh2+ 54. Kg7 Rh7+ {[%emt 0:00:08] Weighted Error Value: White=0.68/Black=0.19 (very precise)} 0-1

[Event "93rd German Championship 2022"]
[Site "Magdeburg"]
[Date "2022.08.16"]
[Round "3.5"]
[White "Becker, Michael"]
[Black "Stricker, Florian"]
[Result "0-1"]
[ECO "C00"]
[WhiteElo "2270"]
[BlackElo "2182"]
[Annotator "TA"]
[PlyCount "60"]
[EventDate "2022.08.14"]
[EventType "swiss"]
[EventCountry "GER"]
[SourceTitle "playchess.com"]
[Source "ChessBase"]
[SourceQuality "1"]
[TimeControl "40/5400+30:1800+30"]

1. e4 e6 2. d3 d5 3. Qe2 Nc6 4. Nf3 Nge7 5. g3 {[%emt 0:01:08] [#]} f6 $146 ({Predecessor:} 5... e5 6. Bg2 Bg4 7. c3 dxe4 8. dxe4 Qd7 9. h3 Bh5 10. O-O Rd8 11. Re1 Qc8 {½-½ (48) Hasangatin,R (2479)-Holt,C (2553) Chess.com INT 2022}) 6. Bg2 {[%emt 0:00:46] C00: French: Unusual White 2nd moves.} e5 7. O-O Bg4 8. c3 {[%emt 0:02:28] Inhibits Nd4. The position is equal.} d4 (8... Qd7 {is interesting.} 9. h3 Bxh3 10. Nxe5 Nxe5 11. Qh5+ g6) 9. h3 Be6 10. cxd4 Nxd4 11. Nxd4 Qxd4 12. Be3 Qd7 13. Rd1 Nc6 {[%emt 0:10:30] Prevents d4.} 14. Nc3 O-O-O 15. Kh2 Nd4 {[%emt 0:11:21] Inhibits Nb5.} 16. Bxd4 exd4 17. Nd5 Bd6 18. Qf3 ({Better is} 18. Nf4) 18... Bxd5 $17 19. exd5 h5 {[%emt 0:01:00] Black is more active.} 20. Kg1 {[%emt 0:11:34] [#]} (20. Qe4 $17) 20... f5 $1 $19 21. Re1 g5 22. Re6 {[%emt 0:01:34] [#]} Rdf8 23. Rae1 g4 24. Qe2 Qf7 25. hxg4 hxg4 26. a3 (26. Qc2 $17 f4 27. gxf4 (27. Rxd6 $2 f3 $19) 27... Qxf4 28. Kf1) 26... Kb8 27. b4 b6 ({Not} 27... f4 28. Qxg4 fxg3 29. f3 $17) (27... a6 $19 {And now ...Qh5 would win.} 28. Kf1 f4 29. gxf4 Bxf4) 28. Qb2 (28. Kf1 $17) 28... f4 29. gxf4 Qxf4 30. R1e2 $2 {[%emt 0:00:13][%mdl 8192] [#]} (30. Kf1 $17) 30... Rh1+ $3 {[%emt 0:00:32][%mdl 512] Weighted Error Value: White=0.43/Black=0.08 (flawless)} 0-1

[Event "93rd German Championship 2022"]
[Site "Magdeburg"]
[Date "2022.08.16"]
[Round "3.6"]
[White "Krassowizkij, Jaroslaw"]
[Black "Arnold, Max"]
[Result "1-0"]
[ECO "D30"]
[WhiteElo "2428"]
[BlackElo "2350"]
[Annotator "TA"]
[PlyCount "111"]
[EventDate "2022.08.14"]
[EventType "swiss"]
[EventCountry "GER"]
[SourceTitle "playchess.com"]
[Source "ChessBase"]
[SourceQuality "1"]
[TimeControl "40/5400+30:1800+30"]

1. d4 d5 2. c4 e6 3. Nf3 a6 4. Nbd2 Nf6 5. g3 c5 6. Bg2 {[%emt 0:07:26] D30: Queen's Gambit Declined: Systems without Nc3.} Nc6 7. cxd5 exd5 8. O-O {[%emt 0:02:53] The position is equal.} Be7 9. dxc5 Bxc5 {[%emt 0:00:25] [#]} 10. a3 $146 ({Predecessor:} 10. Nb3 Ba7 11. Nbd4 O-O 12. b3 Re8 13. Bb2 Qd6 14. Rc1 Bg4 15. h3 Bd7 16. e3 {½-½ (50) Joergens,M (1984)-Berndt,J (2057) Nordrheinwestfalen 2019}) 10... O-O 11. b4 Ba7 12. Bb2 Re8 13. Rc1 Qe7 14. e3 Bg4 15. h3 Bf5 16. Nb3 Be4 17. Nc5 a5 (17... Bxc5 $11 18. Bxf6 (18. Rxc5 Nd7 $11) (18. bxc5 h6 $11) 18... Qxf6 19. Rxc5 b6) 18. Bxf6 Qxf6 19. b5 ({White should try} 19. Nxe4 $16 dxe4 20. Nd2) 19... Bxc5 $14 20. Rxc5 Qd6 21. Rc3 Qf6 22. Rc1 Ne5 23. Nxe5 Qxe5 24. Qa4 h5 25. Rfd1 h4 26. g4 ({Stronger than} 26. gxh4 Re6 27. Bxe4 dxe4 $15) (26. Bxe4 $16 dxe4 27. g4) 26... Qb2 27. Bxe4 ({Better is} 27. Rc7 $14) 27... Rxe4 $11 28. Qc2 Qxb5 29. Rb1 Qc6 30. Qb3 Ra4 31. Qxb7 Qxb7 32. Rxb7 {[%emt 0:00:05][%mdl 4096] Endgame KRR-KRR} Rd8 33. Rd3 Rc4 34. Ra7 (34. Kg2 $14 {might be stronger.}) 34... a4 35. Rd4 Rc2 $2 {[%emt 0:01:49] White stays focused until the end.} (35... Rxd4 $11 {and Black has nothing to worry.} 36. exd4 Rb8) 36. Raxa4 (36. Rdxa4 Rc4 37. g5 g6) 36... Rd6 {[%emt 0:00:26] [#]} 37. g5 $1 f5 38. Rf4 ({Don't take} 38. Rxh4 Rg6 39. Ra8+ Kf7 40. Ra7+ Kg8) 38... Kh7 39. Rxf5 ({But not} 39. Rxh4+ $6 Kg6 40. Rhd4 Kxg5 41. h4+ Kf6 $16) 39... Kg6 40. Re5 Ra2 $2 (40... Rc4 {was worth a try.} 41. Rxc4 dxc4) 41. Rxh4 $18 Rxa3 42. Rd4 Ra5 43. Kg2 Kh5 44. Kg3 Rd8 45. Rg4 {[%emt 0:00:00] [#] g6+ would kill now.} Kg6 46. Rd4 Kh5 $1 47. Kg2 $2 (47. f4 $18) 47... Rc5 $2 (47... Rd6 $1 $11 48. Kg3 Rd7) 48. h4 Rd7 49. Kg3 Rd8 50. Re7 Rg8 51. Rd7 Rb5 (51... Rc1 $142 52. R7xd5 Re8) 52. R7xd5 Rxd5 53. Rxd5 {[%emt 0:00:00] Black must now prevent Rd7.} g6 54. f4 {[%emt 0:00:00] White wants to mate with Kf3.} Re8 55. Kf3 Kxh4 56. Rd1 {[%emt 0:00:00] Weighted Error Value: White=0.28 (precise) /Black=0.60} 1-0

[Event "93rd German Championship 2022"]
[Site "Magdeburg"]
[Date "2022.08.16"]
[Round "3.7"]
[White "Pahl, Erik"]
[Black "Krastev, Alexander"]
[Result "0-1"]
[ECO "B33"]
[WhiteElo "2203"]
[BlackElo "2435"]
[Annotator "TA"]
[PlyCount "78"]
[EventDate "2022.08.14"]
[EventType "swiss"]
[EventCountry "GER"]
[SourceTitle "playchess.com"]
[Source "ChessBase"]
[SourceQuality "1"]
[TimeControl "40/5400+30:1800+30"]

1. e4 c5 2. Nf3 Nc6 3. d4 cxd4 4. Nxd4 Nf6 5. Nc3 e6 6. Ndb5 Bc5 7. Bf4 {[%emt 0:12:58] The main line 7.Bf4 scores better than 7.Nd6+.} O-O {[%emt 0:00:19] B45: Sicilian Four Knights.} 8. Bd6 Bxd6 9. Nxd6 a6 {[%emt 0:08:13] The position is equal.} (9... Qb6 $5 ) 10. a4 {[%emt 0:13:33] [#]} (10. Qd2 $14) 10... Ne8 $146 (10... Qb6 $15 11. Qd2 Qxb2) ({Predecessor:} 10... Qc7 11. Be2 Ne8 12. Nc4 d6 13. O-O Bd7 14. Qd2 Rd8 15. Rfd1 Bc8 16. a5 Ne7 {0-1 (29) Horvath,A (2260)-Binder,T (2225) Budapest 1997}) 11. Nxe8 $11 Rxe8 12. Qd6 $1 Qb6 13. O-O-O (13. Nd1 $14) 13... Qxf2 $17 14. Kb1 Qf6 15. Bc4 Qe5 16. Qd2 Rb8 17. Rhf1 {[%emt 0:09:30] [#]} (17. Qd6 $142) 17... b5 $1 18. axb5 (18. Bb3 $17) 18... axb5 $19 19. Bb3 ({Much worse is} 19. Qf2 Rf8 20. Bb3 b4) 19... Na5 20. Qd6 Qxd6 21. Rxd6 Nc6 22. g4 Ne5 23. g5 (23. h3 $142) 23... Kf8 ({Weaker is} 23... Bb7 24. Rd4 $17) 24. h4 Ke7 25. Rd2 Rb6 26. Kc1 (26. Rd5 $17 d6 27. Rxb5 Rxb5 28. Nxb5) 26... Bb7 27. Kd1 Ra8 28. Ke2 b4 29. Na4 {[%emt 0:00:08] [#]} Rxa4 30. Bxa4 Ba6+ 31. Kf2 Bxf1 32. Kxf1 {[%emt 0:00:03][%mdl 4096] Endgame KRB-KRN} Rd6 33. Rh2 Nc4 34. Ke1 Rd4 35. Re2 Nxb2 {[%emt 0:00:21] Black is clearly winning.} 36. Bb3 Nd1 {[%emt 0:00:47] aiming for ...Nc3.} 37. Rd2 Rxd2 38. Kxd2 Nc3 39. Kd3 d5 {[%emt 0:00:36] Inhibits Bc4.  Weighted Error Value: White=0.39/Black=0.14 (very precise)} 0-1

[Event "93rd German Championship 2022"]
[Site "Magdeburg"]
[Date "2022.08.16"]
[Round "3.8"]
[White "Parvanyan, Ashot"]
[Black "Dobrikov, Marco"]
[Result "1-0"]
[ECO "B90"]
[WhiteElo "2428"]
[BlackElo "2223"]
[Annotator "TA"]
[PlyCount "65"]
[EventDate "2022.08.14"]
[EventType "swiss"]
[EventCountry "GER"]
[SourceTitle "playchess.com"]
[Source "ChessBase"]
[SourceQuality "1"]
[TimeControl "40/5400+30:1800+30"]

1. e4 c5 2. Nf3 d6 3. d4 cxd4 4. Nxd4 Nf6 5. Nc3 a6 6. Be3 e5 7. Nf3 Be7 8. Bc4 Be6 9. Bb3 O-O 10. O-O Nc6 11. Bg5 Nd7 {[%emt 0:02:36] B90: Sicilian Najdorf: Unusual White 6th moves, 6 Be3 Ng4 and 6 Be3 e5.} 12. Bxe7 Qxe7 13. Nd5 Bxd5 {[%emt 0:00:38] The position is equal.} 14. Bxd5 Nf6 15. c3 Qc7 16. Re1 Rad8 {[%emt 0:10:29] [#]} 17. Qd3 $146 ({Predecessor:} 17. a3 Rfe8 18. Ba2 h6 19. Rc1 Ne7 20. Qc2 d5 21. exd5 Nexd5 22. Rcd1 Rd7 23. Rd2 {½-½ (42) Hoffmann,F (2284)-Ryder,A (2181) ICCF email 2012}) 17... Nxd5 18. Qxd5 Ne7 19. Qb3 Ng6 20. Rad1 Nf4 21. g3 Qc8 22. Re3 Qg4 23. Kh1 (23. Qxb7 Nh3+ 24. Kg2 (24. Kf1 Rb8 $11) 24... Rb8 25. Qxa6 Rxb2 $11) (23. Qb6 {is interesting.} Nh3+ 24. Kg2 Nf4+ 25. Kh1) 23... Nh3 24. Rd2 Kh8 25. Ng1 f5 26. exf5 (26. Qxb7 $6 f4 27. Red3 f3 $11) 26... Rxf5 ({Black should try} 26... Qxf5 27. Nxh3 Qxh3) 27. Nxh3 (27. Qe6 $142) 27... Qxh3 $16 {[%emt 0:00:01][%cal Rh3f1] [#]} 28. Kg1 {[%emt 0:00:20] Prevents Qf1+.} b5 (28... Rh5 $16 {keeps fighting.}) 29. Qe6 $40 {[%emt 0:01:36][%mdl 128] White has strong attack.} Rdf8 (29... Qh5 $142 30. Rxd6 Re8) 30. Rf3 ({Don't play} 30. Qxd6 h6 31. Re4 Rf3 32. Qxe5 (32. Qxa6 Qf5 $11) 32... Qc8 $18) (30. Rxd6 $6 Qh5 31. Rd2 R5f6 32. Rxe5 Rxe6 33. Rxh5 Rfe8 $18) 30... h6 31. Rxd6 R8f6 $2 (31... a5 32. Rd5 a4 33. Rxf5 Qxf5 34. Qxf5 Rxf5 35. Rxb5 Rf8 36. Rxe5 Rb8) 32. Qc8+ (32. Rd8+ $142 Kh7 33. Qg8+ Kg6 {[#]} 34. Rd7 $1 (34. Qe8+ Kg5 $18) 34... Rxf3 35. Rxg7+ Kf5 36. Qc8+ Ke4 37. Qxh3 Rxf2 38. Qh5 Rf1+ 39. Kg2) 32... Rf8 33. Rd8 {[%emt 0:00:05] Weighted Error Value: White=0.29 (precise) /Black=0.25 (precise)} 1-0

[Event "93rd German Championship 2022"]
[Site "Magdeburg"]
[Date "2022.08.16"]
[Round "3.9"]
[White "Richter, Nils"]
[Black "Malek, Daniel"]
[Result "1-0"]
[ECO "E04"]
[WhiteElo "2359"]
[BlackElo "2355"]
[Annotator "TA"]
[PlyCount "179"]
[EventDate "2022.08.14"]
[EventType "swiss"]
[EventCountry "GER"]
[SourceTitle "playchess.com"]
[Source "ChessBase"]
[SourceQuality "1"]
[TimeControl "40/5400+30:1800+30"]

1. d4 Nf6 2. c4 e6 3. g3 d5 4. Bg2 dxc4 5. Nf3 c5 6. O-O Nc6 7. dxc5 Qxd1 8. Rxd1 Bxc5 9. Nbd2 c3 10. bxc3 O-O 11. Nb3 Be7 {[%emt 0:00:07] E04: Open Catalan: 5 Nf3.} 12. Nfd4 Nxd4 13. cxd4 Nd5 {[%emt 0:00:12] The position is equal.} 14. Bd2 f5 15. Na5 b6 16. Nc6 Bd6 {[%emt 0:00:14] [#]} 17. Bb4 $146 ({Predecessor:} 17. Bxd5 exd5 18. Bf4 Ba3 19. Rd3 Bb7 20. Ne5 Bd6 21. Nf3 Bxf4 22. gxf4 Ba6 23. Rd2 {½-½ (36) Gleizerov,E (2570)-Thorsteinsson,T (2248) Ortisei 2012}) 17... Nxb4 18. Nxb4 Rb8 19. Nc6 Rb7 20. Rac1 Rc7 21. Rd3 Bd7 {[%emt 0:32:17] [#]} 22. Ne7+ $1 Kf7 23. Rxc7 Bxc7 24. Nc6 a5 25. d5 exd5 26. Bxd5+ Kf6 27. Bf3 Bxc6 28. Bxc6 $11 {[%emt 0:00:11][%mdl 4096] Endgame KRB-KRB} Rd8 29. Rc3 Bd6 30. Rd3 Be7 31. Bd7 g6 32. a4 Rb8 33. Kg2 Rb7 34. Bb5 Bc5 35. Rd8 Re7 36. Rc8 Re4 37. Kf3 h5 38. h4 Bb4 39. Bc4 Bc5 40. Rc6+ Kg7 41. Bb5 Kf7 42. Kg2 Kg7 43. Rc7+ Re7 44. Rc8 Re4 45. Kf3 Kf7 46. Bc6 Re7 47. Bd5+ Kg7 48. e3 Rd7 49. Bc4 Re7 50. Ke2 Bb4 51. Rc6 Bc5 52. Be6 Kf6 53. Bd5+ Kg7 $1 54. Bc4 Kh7 55. Be6 Kg7 56. Kd3 Kf6 57. Bd5+ Kg7 $1 58. Ke2 Re5 59. Be6 Kf6 60. Bc4+ Kg7 61. Bd3 Re7 62. Kf3 Rd7 63. Bc4 Re7 64. Bb3 Re5 65. Bc2 Re8 66. Kf4 Kh7 67. Rc7+ Re7 68. Rc6 Re8 69. Bb1 Kg7 70. Kf3 Re7 71. Bd3 Re5 72. e4 fxe4+ (72... Bd4 $1 $11) 73. Bxe4 $16 Bxf2 $2 {[%emt 0:00:24][%mdl 8192] Loses the game.} 74. Rxg6+ $18 Kf7 75. Kxf2 Rxe4 76. Rxb6 Rxa4 {[%emt 0:00:44] [#] KR-KR} 77. Rh6 $1 Rb4 $2 (77... Ra2+ 78. Kf3 Ra3+ 79. Kg2 Ra2+ 80. Kh3 Ra1 81. Rxh5 Ke6) 78. Rxh5 a4 79. Ra5 Kg6 80. Kg2 {[%emt 0:00:27] Hoping for Kh3.} Rc4 81. Kh3 Rb4 82. Ra6+ Kf5 83. g4+ Kf4 84. h5 {[%emt 0:00:02][%cal Bh4h5,Bh5h6][%mdl 32] Strongly threatening Kh4.} Rb3+ 85. Kh4 {[%emt 0:00:02] White mates.} a3 86. Ra4+ Kf3 87. h6 Rb1 88. Rxa3+ Kf4 89. Ra4+ Kf3 90. Kh5 {[%emt 0:00:26] Weighted Error Value: White=0.03 (flawless) /Black=0.03 (flawless)} 1-0

[Event "93rd German Championship 2022"]
[Site "Magdeburg"]
[Date "2022.08.16"]
[Round "3.10"]
[White "Colpe, Malte"]
[Black "Parvanyan, Alfred"]
[Result "1/2-1/2"]
[ECO "A48"]
[WhiteElo "2369"]
[BlackElo "2126"]
[Annotator "TA"]
[PlyCount "99"]
[EventDate "2022.08.14"]
[EventType "swiss"]
[EventCountry "GER"]
[SourceTitle "playchess.com"]
[Source "ChessBase"]
[SourceQuality "1"]
[TimeControl "40/5400+30:1800+30"]

1. d4 Nf6 2. Nf3 g6 3. c4 c6 4. Nc3 d5 5. cxd5 cxd5 6. Bf4 Nc6 7. e3 Bg7 8. Be2 O-O 9. O-O {[%emt 0:02:14] 9.h3 is more fashionable.} Nh5 {[%emt 0:07:30] D90: Grünfeld: 4 Nf3 Bg7 sidelines.} 10. Bg5 $1 h6 11. Bh4 g5 {[%emt 0:02:55] [#] White has an edge.} 12. Nd2 $1 gxh4 (12... Nf4 13. Bg3) 13. Bxh5 e5 14. dxe5 {[%emt 0:02:43] [#]} h3 $146 ({Predecessor:} 14... d4 15. exd4 Qxd4 16. Nf3 Qxd1 17. Raxd1 Nxe5 18. Nd4 Nc6 19. Ndb5 Bf5 20. Bf3 Rab8 {½-½ (29) Ruzele,D (2550)-Mozeris,V (2050) Plateliai 2001}) 15. f4 $1 d4 (15... f6 $142) 16. exd4 $16 {[%emt 0:01:51] White is more active.} Qxd4+ 17. Rf2 Nb4 (17... Be6 $142 18. Nde4 hxg2 19. Kxg2 (19. Qxd4 Nxd4 20. Nd6 Nf5 $16) 19... Rad8) 18. Nde4 $18 Nd3 (18... Rd8 {was worth a try.}) 19. Be2 {[%emt 0:01:00] Really sharp!} Rd8 20. Bxd3 Qxd3 21. Qh5 Qe3 22. Qf3 ({Weaker is} 22. Nd6 Rxd6 23. exd6 Bd4 $16) (22. Nf6+ $18 Bxf6 23. exf6) 22... Qxf3 $16 23. Rxf3 hxg2 24. Rg3 Rd4 25. Kf2 (25. Kxg2 $18 {Hoping for Rg1.} Kh7 26. Kf3) 25... Bf5 26. Ke3 Rad8 27. Rg1 (27. Rxg2 $142 {Black must now prevent Rag1.} Rd3+ 28. Ke2) 27... Rd3+ 28. Ke2 ({White should play} 28. Kf2 $14) 28... Rxg3 $11 29. hxg3 Bh3 30. Nf2 (30. Ke3 $16) 30... Be6 31. Rxg2 f6 32. g4 fxe5 33. f5 Bc4+ 34. Kf3 Bf6 35. b3 Ba6 (35... Bf7 $1 $14) 36. Nce4 $16 Kf7 (36... Kg7 $16) 37. Nxf6 $2 ({White must play} 37. Rh2 $1 $18 ) 37... Kxf6 $18 {[%emt 0:00:05][%mdl 4096] Endgame KRB-KRN} 38. Ne4+ Kf7 $2 (38... Ke7 $14) 39. Nc5 $2 (39. Rc2 $1 $18) 39... Bb5 $1 $11 40. Rh2 Bc6+ 41. Kg3 Rd6 {[%emt 0:05:43] [#]} (41... Rd5 $11 42. b4 Rd6) 42. Rc2 $2 ({Only move:} 42. Rh5 $1 $16) 42... Kf6 (42... Ke7 $11 {remains equal.}) 43. Rh2 $16 Kf7 {[%emt 0:00:27] [#]} 44. g5 (44. Rh5 $1 $16) 44... hxg5 $11 {[%emt 0:02:02] The position is equal.} 45. Kg4 Rd1 {[%emt 0:02:23] aiming for ...Rg1+.} 46. Rh7+ Kf6 {[%emt 0:03:20] ...Rg1+ is the strong threat.} 47. Rh6+ Kf7 {[%emt 0:02:33] Threatens to win with ...Rg1+.} 48. Rh7+ Kf6 49. Rh6+ Kf7 {[%emt 0:00:15] Strongly threatening ...Rg1+.} 50. Rh7+ {Weighted Error Value: White=0.40/Black=0.30} 1/2-1/2